 Dungeon Crawl Stone Soup version 0.30-a0-840-ga523dec638 (webtiles) character file.

Game seed: 6434958672822313106

22573 iguanaiguana the Spear-Bearer (level 13, -7/94 (98) HPs)
             Began as a Formicid Hexslinger on Mar 2, 2023.
             Was a High Priest of Okawaru.
             Killed from afar by an orc sorcerer (20 damage)
             ... with a bolt of negative energy
             ... on level 2 of the Orcish Mines.
             The game lasted 01:24:27 (17722 turns).

iguanaiguana the Spear-Bearer (FoHs)               Turns: 17722, Time: 01:24:27

HP:   -7/94 (98)    AC: 24    Str: 26    XL:     13   Next: 28%
MP:   0/28          EV:  8    Int: 20    God:    Okawaru [*****.]
Gold: 1178          SH: 12    Dex: 14    Spells: 11/16 levels left

rFire   + . .      SeeInvis +    C - +9 lance "Wyrmbane" {slay drac, rPois rF+ rC+ AC+3}
rCold   + + +      Faith    .    t - +1 kite shield of Okawaru's Favour {Str+3 Int+4}
rNeg    . . .      Spirit   +    D - +8 chain mail of Aclauluv {Drain rPois rC++ Stlth+}
rPois   +          Reflect  .    (helmet unavailable)
rElec   +          Harm     .    k - +1 cloak of the New World {rC+}
rCorr   .          Rampage  .    B - +0 pair of gloves
Will    +....                    h - +4 pair of boots "Wuable" {+Blink rElec}
Stlth   +                        i - amulet of guardian spirit
HPRegen 0.35/turn                H - ring of magical power
MPRegen 0.21/turn                r - +6 ring of strength

@: corroded, lightly drained
A: permanent stasis, dig shafts and tunnels, antennae 3, four strong arms
a: Dig, Shaft Self, Renounce Religion, Heroism, Finesse, Duel


You were on level 2 of the Orcish Mines.
You worshipped Okawaru.
Okawaru was extremely pleased with you.
You visited 2 branches of the dungeon, and saw 12 of its levels.
You also visited: Bailey.

You collected 1672 gold pieces.
You spent 494 gold pieces at shops.

Inventory:

Hand Weapons
 a - a +1 heavy sling
 b - the +6 whip "Giojarr" {flame, Str+2 Int+4 Dex+4}
   (You found it on level 4 of the Dungeon)

   Str:       It affects your strength (+2).
   Int:       It affects your intelligence (+4).
   Dex:       It affects your dexterity (+4).
 C - the +9 lance "Wyrmbane" (weapon) {slay drac, rPois rF+ rC+ AC+3}
   (You took it off Maggie on level 10 of the Dungeon)

   AC:        It affects your AC (+3).
   rF:        It protects you from fire.
   rC:        It protects you from cold.
   rPois:     It protects you from poison.
Missiles
 g - 18 poisoned darts (quivered)
 G - 3 boomerangs
 J - 2 throwing nets
 M - 2 silver javelins
 O - an atropa-tipped dart
 P - a datura-tipped dart
Armour
 h - the +4 pair of boots "Wuable" (worn) {+Blink rElec}
   (You acquired it on level 10 of the Dungeon)

   rElec:     It insulates you from electricity.
   +Blink:    It lets you blink.
 k - the +1 cloak of the New World (worn) {rC+}
   (You acquired it in a bailey)

   rC:        It protects you from cold.
 t - the +1 kite shield of Okawaru's Favour (worn) {Str+3 Int+4}
   (Okawaru gifted it to you on level 9 of the Dungeon)

   Str:       It affects your strength (+3).
   Int:       It affects your intelligence (+4).
 B - a +0 pair of gloves (worn)
 D - the +8 chain mail of Aclauluv (worn) {Drain rPois rC++ Stlth+}
   (You bought it in a shop on level 6 of the Dungeon)

   rC:        It greatly protects you from cold.
   rPois:     It protects you from poison.
   Drain:     It drains your maximum health when unequipped.
   Stlth:     It makes you more stealthy.
Jewellery
 d - a +6 ring of intelligence
 i - an amulet of guardian spirit (around neck)
 j - a ring of poison resistance
 r - a +6 ring of strength (right hand)
 A - a ring of wizardry
 H - a ring of magical power (left hand)
 L - a ring of ice
Wands
 n - a wand of flame (21)
Scrolls
 c - a scroll of identify {@r1}
 l - 2 scrolls of amnesia
 m - a scroll of fog
 o - a scroll of fear
 u - a scroll of vulnerability
 x - 2 scrolls of noise {unknown}
 y - 2 scrolls of enchant armour {unknown}
 F - 5 scrolls of torment
 I - 2 scrolls of enchant weapon {unknown}
 N - a scroll of magic mapping {unknown}
Potions
 e - 2 potions of might {@q3}
 f - 4 potions of attraction
 p - a potion of lignification
 q - 2 potions of brilliance
 s - a potion of mutation {unknown}
 v - a potion of magic
 w - 2 potions of curing {@q1}
 z - a potion of flight {unknown}
 E - 2 potions of ambrosia {unknown}
 K - a potion of invisibility {unknown}


   Skills:
 - Level 8.0 Fighting
 - Level 1.0 Short Blades
 - Level 6.0 Maces & Flails
 - Level 12.0 Polearms
 - Level 4.1 Ranged Weapons
 - Level 6.0 Throwing
 - Level 4.0 Armour
 - Level 1.7 Dodging
 - Level 4.0 Stealth
 - Level 8.7 Shields
 - Level 2.0 Spellcasting
 - Level 8.0 Hexes
 + Level 8.8 Invocations
 - Level 4.0 Evocations


You had 11 spell levels left.
You knew the following spells:

 Your Spells              Type           Power      Damage    Failure   Level
a - Slow                  Hex            100%       N/A       7%          1
b - Cause Fear            Hex            17%        N/A       56%         4

Your spell library contained the following spells:

 Spells                   Type           Power      Damage    Failure   Level
 Dazzling Flash           Conj/Hex       36%        N/A       73%         3
 Inner Flame              Hex/Fire       18%        N/A       73%         3
 Portal Projectile        Hex/Tloc       36%        N/A       73%         3
 Beastly Appendage        Tmut           4%         N/A       88%         1
 Freeze                   Ice            8%         1d3       88%         1
 Necrotise                Necr           8%         1d4       88%         1
 Searing Ray              Conj           4%         2d4       96%         2
 Sublimation of Blood     Necr           2%         N/A       96%         2
 Wereblood                Tmut           2%         N/A       96%         2
 Spider Form              Tmut/Pois      2%         N/A       99%         3
 Stone Arrow              Conj/Erth      4%         3d7       99%         3
 Vampiric Draining        Necr           2%         2d6       99%         3
 Iskenderun's Mystic Bla  Conj/Tloc      2%         2d3       100%        4
 Passage of Golubria      Tloc           2%         N/A       100%        4
 Petrify                  Tmut/Erth      2%         N/A       100%        4
 Agony                    Necr           2%         N/A       100%        5
 Irradiate                Conj/Tmut      1%         3d12      100%        5
 Silence                  Hex/Air        9%         N/A       100%        5
 Starburst                Conj/Fire      1%         6d3       100%        6
 Lehudib's Crystal Spear  Conj/Erth      1%         10d2      100%        8


Dungeon Overview and Level Annotations

Branches:
Dungeon (10/15) Zot: 25664  Temple (0/1) D:6            Lair (0/5) D:8
    Orc (2/2) D:10 Zot: 9934     Elf (0/3) Orc:2        Bailey (visited)

Altars:
Cheibriados
Elyvilon
Fedhas
Gozag
Hepliaklqana
Kikubaaqudgha
Okawaru
Sif Muna
Trog
Uskayaw

Shops:
D:4 *   D:6 [   D:7 !   D:9 ?

Annotations:
D:5 3 runed translucent doors, exclusion: 3 doors, DiggyJ's ghost, weakling DgDe
D:7 1 runed translucent door, exclusion: door, Crazy Yiuf
Orc:1 3 runed translucent doors, patfeehan111222's ghost, journeyman MiBe


Innate Abilities, Weirdness & Mutations

You cannot be hasted, slowed, berserked, paralysed or teleported.
You can dig through walls and to a lower floor.
You have a pair of large antennae on your head. (SInv)
Your four strong arms can wield two-handed weapons with a shield.


Message History

The ice devil hits you. The ice devil freezes you. You resist.
You puncture the orc sorcerer!
The orc sorcerer is almost dead.
You hit the orc sorcerer but do no damage.
The orc sorcerer is almost dead.
You closely miss the orc sorcerer.
The orc sorcerer is almost dead.
The orc sorcerer mumbles some strange words.
The sun demon hits you!
You are engulfed in flames!
You resist.
You hit the orc sorcerer but do no damage.
The orc sorcerer is almost dead.
You closely miss the orc sorcerer.
The orc sorcerer is almost dead.
The rust devil hits you. The rust devil corrodes you!
You barely miss the orc sorcerer.
The orc sorcerer is almost dead.
The sun demon hits you.
You are engulfed in flames!
You resist.
* * * LOW HITPOINT WARNING * * *
The orc sorcerer gestures at you while chanting.
The bolt of fire hits you!! You resist.
* * * LOW HITPOINT WARNING * * *
You hit the orc sorcerer.
The orc sorcerer is almost dead.
The sun demon hits you!!
* * * LOW HITPOINT WARNING * * *
You are engulfed in flames!
You resist.
* * * LOW HITPOINT WARNING * * *
Okay, then.
Okay, then.
Okay, then.
Okay, then.
Unknown command.
Reach: C) +9 lance "Wyrmbane" {slay drac, rPois rF+ rC+ AC+3}
Press: ? - help, Dir - move target, f - orc sorcerer
Aim: an orc sorcerer, wielding a +0 dagger and wearing a +0 robe (almost dead, about 28% to evade the +9 lance "Wyrmbane")
You barely miss the orc sorcerer.
The orc sorcerer is almost dead.
The orc sorcerer casts a spell at you. The bolt of negative energy hits you!!
You feel drained.
You die...

##.### {{ ..÷.÷.## #....## .o...#
###....# { #.).## #.#.#..######
#...# ........##..## ##...####
..#......#...# ###....##.#####
###.........)#####.)...##...##.##
##.........)..3o)...##....#...#
##......)...)@4...###.......##
##.#..........4.)###..........#
#.....##..[....)##.............
##......[..)[....)........>....#
##.........[....................#
.##...((........................#
....((((...................#.....
....(((((.......................#
(...((((....................#.###


You could see a sun demon (summoned), an ice devil (summoned), a rust devil
(summoned) and an orc sorcerer.

Vanquished Creatures
  Snorg (D:10)
  Fannar (Orc:1)
  Erica (D:9)
  3 orc high priests (Orc:2)
  Nergalle (Orc:1)
  8 orc knights
  4 orc sorcerers
  A cyclops (Orc:2)
  Maggie (D:10)
  Psyche (D:10)
  An efreet (D:10)
  2 kobold demonologists (Bailey)
  3 trolls
  A hornet (D:8)
  2 wraiths (D:10)
  A vampire (D:10)
  6 yaks (D:9)
  A wyvern (D:9)
  A steam dragon (D:8)
  A water moccasin (D:7)
  2 acid dragons
  4 wargs
  Duvessa (D:6)
  A sky beast (D:7)
  2 black bears
  36 orc warriors
  2 ice beasts
  7 ogres
  5 centaurs
  3 phantoms
  A kobold brigand (D:5)
  7 bullfrogs
  2 necrophages
  2 scorpions (D:5)
  4 wights (D:10)
  Dowan (D:6)
  4 killer bees
  6 electric eels (Bailey)
  5 howler monkeys
  16 orc priests
  2 jellies
  A hound (D:6)
  A gnoll bouda (D:7)
  4 iguanas
  Natasha (thrice) (D:2)
  22 orc wizards
  9 adders
  14 gnolls
  2 ufetubi
  4 worms
  2 dart slugs (D:2)
  100 orcs
  7 bats
  3 bat zombies (D:6)
  8 endoplasms
  3 giant cockroaches
  8 hobgoblins
  7 jackals
  6 quokkas
  3 ball pythons
  2 frilled lizards (D:3)
  18 goblins
  10 kobolds
  4 rats
  A rat zombie (D:6)
  A bush (D:6)
397 creatures vanquished.

Vanquished Creatures (others)
  An unseen horror (D:10)
  An orc (Orc:1)
  A fungus (D:1)
  3 plants
  3 withered plants (Orc:1)
9 creatures vanquished.

Grand Total: 406 creatures vanquished

Notes
Turn   | Place    | Note
-------+----------+-------------------------------------------
     0 | D:1      | iguanaiguana the Formicid Hexslinger began the quest for
                  | the Orb.
     0 | D:1      | Reached XP level 1. HP: 15/15 MP: 2/2
   302 | D:1      | Reached skill level 1 in Stealth
   580 | D:1      | Reached XP level 2. HP: 21/21 MP: 1/3
  1737 | D:1      | Reached XP level 3. HP: 4/26 MP: 2/4
  2013 | D:2      | Noticed Natasha
  2326 | D:2      | Reached XP level 4. HP: 33/33 MP: 3/5
  2569 | D:2      | Reached skill level 1 in Short Blades
  3628 | D:2      | Killed Natasha
  3629 | D:2      | Reached XP level 5. HP: 35/38 MP: 4/6
  3654 | D:2      | Noticed Natasha
  3660 | D:2      | Killed Natasha
  3696 | D:2      | Noticed Natasha
  3701 | D:2      | Killed Natasha
  4315 | D:3      | Noticed a +0 dagger
  4316 | D:3      | Noticed a +0 hand axe
  4319 | D:3      | Found a hide-covered altar of Uskayaw.
  4522 | D:3      | Found a faded altar of an unknown god.
  4558 | D:3      | Found an iron altar of Okawaru.
  4566 | D:3      | Became a worshipper of Warmaster Okawaru
  5044 | D:3      | Reached XP level 6. HP: 44/44 MP: 7/7
  5246 | D:3      | Reached skill level 1 in Maces & Flails
  5798 | D:4      | Found an opulent altar of Gozag.
  5827 | D:4      | Found Gozag's Platinum Reserve.
  6165 | D:4      | Identified the +6 whip "Giojarr" {flame, Str+2 Int+4 Dex+4}
  6194 | D:4      | Found a blossoming altar of Fedhas.
  6449 | D:4      | Noticed a black bear
  6457 | D:4      | Killed a black bear
  6458 | D:4      | Reached XP level 7. HP: 50/50 MP: 6/8
  7372 | D:5      | Entered Level 5 of the Dungeon
  7466 | D:5      | Found a runed translucent gate.
  7467 | D:5      | Found a runed translucent gate.
  7467 | D:5      | Found a runed translucent gate.
  7467 | D:5      | Found an opulent altar of Gozag.
  7471 | D:5      | Noticed a yak
  7471 | D:5      | Noticed DiggyJ's ghost (weakling DgDe)
  7584 | D:5      | Reached skill level 5 in Maces & Flails
  7729 | D:5      | Reached * piety under Okawaru
  7850 | D:5      | Reached XP level 8. HP: 52/56 MP: 7/9
  7909 | D:5      | Found a snail-covered altar of Cheibriados.
  7943 | D:5      | Reached skill level 5 in Hexes
  7948 | D:5      | Learned a level 4 spell: Cause Fear
  8500 | D:6      | Found Cateutia's Antique Armour Emporium.
  8510 | D:6      | Bought a glimmering chain mail for 247 gold pieces
  8510 | D:6      | Identified the +8 chain mail of Aclauluv {Drain rPois rC++
                  | Stlth+} (You bought it in a shop on level 6 of the Dungeon)
  8740 | D:6      | Reached ** piety under Okawaru
  8750 | D:6      | Found an ancient bone altar of Kikubaaqudgha.
  8825 | D:6      | Reached skill level 1 in Invocations
  8913 | D:6      | Reached XP level 9. HP: 54/61 MP: 12/12
  9150 | D:6      | Reached skill level 5 in Invocations
  9270 | D:6      | Found a staircase to the Ecumenical Temple.
  9531 | D:7      | Noticed Duvessa
  9531 | D:7      | Noticed Dowan
  9531 | D:7      | Found Tiasys's Distillery.
  9547 | D:6      | Killed Duvessa
  9556 | D:6      | Killed Dowan
  9770 | D:7      | Reached *** piety under Okawaru
  9778 | D:7      | Reached skill level 5 in Fighting
  9872 | D:7      | Reached skill level 1 in Armour
 10209 | D:7      | Found a runed translucent door.
 10210 | D:7      | Noticed Crazy Yiuf
 10440 | D:7      | Reached XP level 10. HP: 69/76 MP: 13/13
 10629 | D:7      | Found a white marble altar of Elyvilon.
 10996 | D:8      | Found a flagged portal.
 11010 | Bailey   | Entered a bailey
 11238 | Bailey   | Reached **** piety under Okawaru
 11294 | Bailey   | Noticed an orc knight
 11309 | Bailey   | Killed an orc knight
 11331 | Bailey   | Reached skill level 1 in Throwing
 11455 | Bailey   | Noticed an orc knight
 11466 | Bailey   | Killed an orc knight
 11466 | Bailey   | Reached ***** piety under Okawaru
 11689 | Bailey   | Reached skill level 5 in Throwing
 11738 | Bailey   | Acquired the +1 cloak of the New World {rC+}
 12086 | Bailey   | Found an iron altar of Okawaru.
 12087 | Bailey   | Noticed a kobold demonologist
 12089 | Bailey   | Killed a kobold demonologist
 12117 | Bailey   | Noticed a kobold demonologist
 12122 | Bailey   | Killed a kobold demonologist
 12123 | Bailey   | Reached XP level 11. HP: 86/86 MP: 15/15
 12139 | Bailey   | Got Sif Muna's Grimoire of Crystal
 12166 | Bailey   | Identified the +1 scale mail of the Realm of Zot {rPois rN+
                  | Will+ Int-4}
 12406 | D:6      | Bought a pair of twisted boots for 247 gold pieces
 12406 | D:6      | Identified the +2 pair of boots of Fortitude {-Cast rPois
                  | SInv} (You bought it in a shop on level 6 of the Dungeon)
 12494 | D:8      | Found a staircase to the Lair.
 13103 | D:8      | Found a bloodstained altar of Trog.
 13356 | D:9      | Identified the +1 kite shield of Okawaru's Favour {Str+3
                  | Int+4} (Okawaru gifted it to you on level 9 of the Dungeon)
 13356 | D:9      | Received a gift from Okawaru
 13400 | D:9      | Reached skill level 1 in Shields
 13781 | D:9      | Found Goshidie's Magic Scroll Boutique.
 13807 | D:9      | Found a hazy altar of Hepliaklqana.
 13807 | D:9      | Found a shimmering blue altar of Sif Muna.
 13836 | D:9      | Noticed Erica
 13854 | D:9      | Reached skill level 5 in Shields
 13881 | D:9      | Killed Erica
 14187 | D:10     | Entered Level 10 of the Dungeon
 14713 | D:10     | Acquired the +4 pair of boots "Wuable" {+Blink rElec}
 14743 | D:10     | Noticed Psyche
 14787 | D:10     | Killed Psyche
 14859 | D:10     | Noticed Maggie
 14875 | D:10     | Killed Maggie
 14876 | D:10     | Reached skill level 1 in Polearms
 14948 | D:10     | Found a staircase to the Orcish Mines.
 14982 | D:10     | Reached skill level 2 in Polearms
 15118 | D:10     | Reached skill level 3 in Polearms
 15265 | D:10     | Reached XP level 12. HP: 58/92 MP: 13/18
 15265 | D:10     | Noticed Snorg
 15310 | D:10     | Killed Snorg
 15311 | D:10     | Reached skill level 4 in Polearms
 15492 | Orc:1    | Entered Level 1 of the Orcish Mines
 15505 | D:10     | Reached skill level 5 in Polearms
 15617 | Orc:1    | Noticed Fannar
 15656 | Orc:1    | Received a gift from Okawaru
 15665 | D:10     | Reached skill level 6 in Polearms
 15693 | Orc:1    | Killed Fannar
 15861 | Orc:1    | Reached skill level 7 in Polearms
 16084 | Orc:1    | Reached skill level 8 in Polearms
 16213 | Orc:1    | Noticed Nergalle
 16231 | Orc:1    | Killed Nergalle
 16274 | Orc:1    | Found a runed translucent gate.
 16275 | Orc:1    | Found a runed translucent gate.
 16275 | Orc:1    | Found a runed translucent gate.
 16279 | Orc:1    | Noticed patfeehan111222's ghost (journeyman MiBe)
 16279 | Orc:1    | Noticed patfeehan111222's ghost (journeyman MiBe)
 16502 | Orc:2    | Entered Level 2 of the Orcish Mines
 16559 | Orc:1    | Reached skill level 9 in Polearms
 17089 | Orc:2    | Reached skill level 10 in Polearms
 17149 | Orc:2    | Received a gift from Okawaru
 17293 | Orc:2    | Found a staircase to the Elven Halls.
 17433 | Orc:2    | Reached XP level 13. HP: 98/98 MP: 19/19
 17565 | Orc:2    | Reached skill level 11 in Polearms
 17569 | Orc:2    | Received a gift from Okawaru
 17616 | Orc:2    | Reached skill level 12 in Polearms
 17722 | Orc:2    | Killed from afar by an orc sorcerer

Illustrated notes

Levels and vault maps discovered:
D:1:      dpeg_arrival_water_fire, layout_basic
D:2:      layout_loops_ring, chequers_mini_garden, minmay_three_crescents,
          uniq_natasha
D:3:      layout_basic, okawaru_metal_pillars_1_2, dancing_weapons_uskayaw,
          dilly_ecumenical_altar_fadedgnrine, minmay_pentangle
D:4:      layout_layer_cave, fedhas_ov_isle_minmay,
          nicolae_gozag_zags_fifth_avenue
D:5:      layout_loops_ring, cheibriados_altar_1, ebering_ghost_gozag
D:6:      layout_basic, lemuel_zombie_altar_kikubaaqudgha, temple_hall,
          nicolae_stop_n_shop_1, kb_lookout_dungeons_type,
          kennysheep_generic_room_9
D:7:      layout_basic, mainiacjoe_overflow_alcove_4, serial_shops, shop,
          hangedman_abyss_or_decor_stagger, uniq_duvessa,
          uniq_crazy_yiuf_cottage
D:8:      layout_loops_ring, lemuel_round_altar, lair_entry_dummy,
          enter_bailey_3
D:9:      layout_basic, mainiacjoe_overflow_divided_tiny, serial_shops,
          nicolae_take_the_stairs, uniq_erica
D:10:     layout_roguey [special_room_orc], erik_orc_4, nzn_life_drinkers,
          uniq_psyche, uniq_maggie, uniq_snorg
Orc:1:    layout_caves, gammafunk_ghost_cemetery, uniq_nergalle, uniq_fannar
Orc:2:    grunt_orc_tribal_feast, layout_diamond_mine, nicolae_orc_rockfall

Skill      XL: |  1  2  3  4  5  6  7  8  9 10 11 12 13 |
---------------+----------------------------------------+-----
Stealth        | 2 3 4 |  4.0
Fighting       | 2 6 8 |  8.0
Short Blades   | 1 |  1.0
Ranged Weapons | 3 4 |  4.1
Maces & Flails | 4 6 |  6.0
Hexes          | 4 8 |  8.0
Spellcasting   | 2 |  2.0
Invocations    | 1 5 8 |  8.8
Armour         | 4 |  4.0
Evocations     | 4 |  4.0
Throwing       | 6 |  6.0
Shields        | 8 |  8.7
Polearms       | 3 10 12 | 12.0
Dodging        | |  1.7

Action                     |  1- 3 |  4- 6 |  7- 9 | 10-12 | 13-15 || total
---------------------------+-------+-------+-------+-------+-------++-------
  Melee: Whip              |    53 |    73 |   335 |   456 |       ||   917
         Dagger            |     1 |    79 |       |       |       ||    80
         Punch             |       |     2 |       |       |       ||     2
         Lance             |       |       |       |   419 |    84 ||   503
   Fire: Sling             |    66 |    71 |    37 |     2 |       ||   176
  Throw: Dart              |       |     3 |     8 |    31 |     2 ||    44
   Cast: Slow              |    46 |    55 |    55 |    88 |       ||   244
 Invoke: Heroism           |       |       |       |     7 |     2 ||     9
         Finesse           |       |       |       |     3 |     1 ||     4
Ability: Dig               |       |       |       |     2 |       ||     2
  Evoke: Wand              |       |    14 |       |    27 |       ||    41
    Use: Potion            |     4 |     1 |       |     4 |       ||     9
         Scroll            |     4 |     4 |     3 |    12 |       ||    23
 Armour: Robe              |    39 |    22 |       |       |       ||    61
         Ring mail         |       |    26 |    16 |       |       ||    42
         Chain mail        |       |       |   148 |   333 |    21 ||   502
  Dodge: Dodged            |    99 |   104 |   135 |   194 |     7 ||   539
  Block: Kite shield       |       |       |       |   295 |    21 ||   316

Table legend: (Time is in decaauts)
 A = Elapsed time spent in this place.
 B = Non-inter-level travel time spent in this place.
 C = Inter-level travel time spent in this place.
 D = Time resting spent in this place.
 E = Time spent auto-exploring this place.
 F = Levels seen in this place.
 G = Mean time per level.
                   A        B        C        D        E       F      G
               +--------+--------+--------+--------+--------+-----+--------+
         Total |  17574 |  16230 |   1344 |   2012 |   9092 |  13 | 1351.8 |
       Dungeon |  14209 |  12926 |   1283 |   1383 |   7963 |  10 | 1420.9 |
  Orcish Mines |   2065 |   2004 |     61 |    316 |    878 |   2 | 1032.5 |
        Bailey |   1299 |   1299 |      0 |    313 |    251 |   1 | 1299.0 |
               +--------+--------+--------+--------+--------+-----+--------+

Top non-repeatable levels by time:
     D:2: 2443 daAuts
     D:1: 1985 daAuts
     D:4: 1515 daAuts
     D:3: 1495 daAuts
     D:7: 1335 daAuts
  Bailey: 1299 daAuts
    D:10: 1268 daAuts
   Orc:1: 1223 daAuts
     D:5: 1184 daAuts
     D:6: 1058 daAuts
     D:9: 1047 daAuts
     D:8: 875 daAuts
   Orc:2: 841 daAuts
